WIN
BALTIMORE (WIN) ORIOLES @ CHICAGO (WIN) CUBS
12/03/2045
 
TOP OF THE 1ST
Baltimore (WIN) Orioles batting - Pitching for Chicago (WIN) Cubs : RHP Willie Ramos
Pitching: RHP Willie Ramos
Batting: SHB Jorge Brito 0-0: Ball
1-0: Ball
2-0: Ball
3-0: Swinging Strike
3-1: Foul Ball, location: 2F
3-2: Foul Ball, location: 2F
3-2: Base on Balls
Batting: LHB Eric Jackson 0-0: Foul Ball, location: 2F
0-1: Fly out, F8 (Flyball, 8LM, EV 88.8 MPH)
Batting: RHB Vince Jackson 0-0: SINGLE (Flyball, 3D, EV 96.2 MPH)
Jorge Brito to second
Batting: RHB Rudo Garciaparra 0-0: Ball
1-0: Ball
2-0: Ball
3-0: Called Strike
3-1: Foul Ball, location: 2F
3-2: Strikes out swinging
Batting: LHB Tim Mulholland 0-0: Foul Ball, location: 2F
0-1: Ball
1-1: Foul Ball, location: 2F
1-2: Ball
2-2: Strikes out swinging
Top of the 1st over - 0 runs, 1 hit, 0 errors, 2 left on base; Baltimore (WIN) 0 - Chicago (WIN) 0
BOTTOM OF THE 1ST
Chicago (WIN) Cubs batting - Pitching for Baltimore (WIN) Orioles : RHP Sam Wilson
Pitching: RHP Sam Wilson
Batting: RHB Heef Harted 0-0: Called Strike
0-1: SINGLE (Groundball, 6MD, EV 102.5 MPH)
Batting: RHB Brian Gargis 0-0: Ball
1-0: Swinging Strike
1-1: Foul Ball, location: 2F
1-2: Strikes out swinging
Batting: RHB Francisco Ramirez 0-0: Ball
Heef Harted steals 2nd base
1-0: DOUBLE (Line Drive, 9LM, EV 112.5 MPH)
Heef Harted scores
Batting: RHB Heitaro Tanaka 0-0: Ball
1-0: Called Strike
1-1: Ball
2-1: Ground out 4-3 (Groundball, 4, EV 85.6 MPH)
Francisco Ramirez to third
Batting: RHB Ryan Walker 0-0: Ball
1-0: Ball
2-0: Foul Ball, location: 2F
2-1: Ball
3-1: Base on Balls
Batting: RHB Bobby Gray 0-0: Ball
Wild Pitch!
Francisco Ramirez scores
Ryan Walker to second
1-0: Ball
2-0: Swinging Strike
2-1: Foul Ball, location: 2F
2-2: Strikes out looking
Bottom of the 1st over - 2 runs, 2 hits, 0 errors, 1 left on base; Baltimore (WIN) 0 - Chicago (WIN) 2
TOP OF THE 2ND
Baltimore (WIN) Orioles batting - Pitching for Chicago (WIN) Cubs : RHP Willie Ramos
Batting: RHB Alex Valencia 0-0: Ball
1-0: Called Strike
1-1: Ball
2-1: Called Strike
2-2: Strikes out swinging
Batting: RHB Lee Deason 0-0: Ball
1-0: Called Strike
1-1: Swinging Strike
1-2: Strikes out swinging
Batting: LHB Justin Alworth 0-0: Fly out, F9 (Line Drive, 89M, EV 95.0 MPH)
Top of the 2nd over - 0 runs, 0 hits, 0 errors, 0 left on base; Baltimore (WIN) 0 - Chicago (WIN) 2
BOTTOM OF THE 2ND
Chicago (WIN) Cubs batting - Pitching for Baltimore (WIN) Orioles : RHP Sam Wilson
Batting: RHB Adam Kelliher 0-0: Ball
1-0: Ground out 6-3 (Groundball, 6, EV 89.4 MPH)
Batting: RHB Dylan Burke 0-0: Ball
1-0: Ball
2-0: SINGLE (Line Drive, 34D, EV 96.9 MPH)
Batting: LHB Jose Carrillo 0-0: Bunted foul
0-1: Bunted foul
0-2: Sac Bunt to 15 - play at second, runner safe!
Batting: RHB Heef Harted 0-0: Foul Ball, location: 2F
0-1: Called Strike
0-2: Strikes out swinging
Batting: RHB Brian Gargis 0-0: Swinging Strike
0-1: Ball
1-1: Ball
2-1: Ball
3-1: Base on Balls
Dylan Burke to third
Jose Carrillo to second
Batting: RHB Francisco Ramirez 0-0: Ball
1-0: Ball
2-0: Called Strike
2-1: Fly out, F8 (Line Drive, 89M, EV 106.2 MPH)
Bottom of the 2nd over - 0 runs, 1 hit, 0 errors, 3 left on base; Baltimore (WIN) 0 - Chicago (WIN) 2
TOP OF THE 3RD
Baltimore (WIN) Orioles batting - Pitching for Chicago (WIN) Cubs : RHP Willie Ramos
Batting: SHB Eric Tiehen 0-0: Ball
1-0: Ball
2-0: Ball
3-0: Base on Balls
Batting: SHB Jorge Brito 0-0: Ball
1-0: Ball
2-0: Ball
3-0: Base on Balls
Eric Tiehen to second
Batting: LHB Eric Jackson 0-0: Foul Ball, location: 2F
0-1: Foul Ball, location: 2F
0-2: Ball
1-2: Strikes out swinging
Batting: RHB Vince Jackson 0-0: Ball
1-0: Ball
2-0: Foul Ball, location: 2F
2-1: 3-RUN HOME RUN (Flyball, 78XD, EV 98.8 MPH), Distance : 393 ft
Batting: RHB Rudo Garciaparra 0-0: Ball
1-0: DOUBLE (Line Drive, 89D, EV 102.5 MPH)
Batting: LHB Tim Mulholland 0-0: Ball
Rudo Garciaparra steals 3rd, throwing error, E2
Rudo Garciaparra scores
1-0: Ball
2-0: Foul Ball, location: 2F
2-1: Ground out U3 (Groundball, 3S, EV 67.5 MPH)
Batting: RHB Alex Valencia 0-0: Ball
1-0: Called Strike
1-1: Ground out 1-3 (Groundball, 13, EV 70.0 MPH)
Top of the 3rd over - 4 runs, 2 hits, 1 error, 0 left on base; Baltimore (WIN) 4 - Chicago (WIN) 2
BOTTOM OF THE 3RD
Chicago (WIN) Cubs batting - Pitching for Baltimore (WIN) Orioles : RHP Sam Wilson
Batting: RHB Heitaro Tanaka 0-0: Ground out 4-3 (Groundball, 4MS, EV 80.0 MPH)
Batting: RHB Ryan Walker 0-0: Ball
1-0: Ball
2-0: Ball
3-0: Called Strike
3-1: Fly out, F8 (Flyball, 8LD, EV 98.1 MPH)
Batting: RHB Bobby Gray 0-0: Called Strike
0-1: Ground out 6-3 (Groundball, 6S, EV 94.4 MPH)
Bottom of the 3rd over - 0 runs, 0 hits, 0 errors, 0 left on base; Baltimore (WIN) 4 - Chicago (WIN) 2
TOP OF THE 4TH
Baltimore (WIN) Orioles batting - Pitching for Chicago (WIN) Cubs : RHP Willie Ramos
Batting: RHB Lee Deason 0-0: Ball
1-0: Ground out U3 (Groundball, 3, EV 90.6 MPH)
Batting: LHB Justin Alworth 0-0: Called Strike
0-1: Ball
1-1: Foul Ball, location: 2F
1-2: Foul Ball, location: 2F
1-2: Foul Ball, location: 2F
1-2: Foul Ball, location: 2F
1-2: Foul Ball, location: 2F
1-2: Ball
2-2: Fly out, F9 (Flyball, 9S, EV 95.0 MPH)
Batting: SHB Eric Tiehen 0-0: Ball
1-0: Ball
2-0: Called Strike
2-1: Foul Ball, location: 2F
2-2: Strikes out swinging
Top of the 4th over - 0 runs, 0 hits, 0 errors, 0 left on base; Baltimore (WIN) 4 - Chicago (WIN) 2
BOTTOM OF THE 4TH
Chicago (WIN) Cubs batting - Pitching for Baltimore (WIN) Orioles : RHP Sam Wilson
Batting: RHB Adam Kelliher 0-0: Called Strike
0-1: Ball
1-1: Ball
2-1: Ground out 4-3 (Groundball, 4MD, EV 95.0 MPH)
Batting: RHB Dylan Burke 0-0: Swinging Strike
0-1: Fly out, F7 (Flyball, 7, EV 88.1 MPH)
Batting: LHB Jose Carrillo 0-0: Swinging Strike
0-1: Called Strike
0-2: Foul Ball, location: 2F
0-2: Ball
1-2: Ball
2-2: Foul Ball, location: 2F
2-2: Strikes out swinging
Bottom of the 4th over - 0 runs, 0 hits, 0 errors, 0 left on base; Baltimore (WIN) 4 - Chicago (WIN) 2
TOP OF THE 5TH
Baltimore (WIN) Orioles batting - Pitching for Chicago (WIN) Cubs : RHP Willie Ramos
Batting: SHB Jorge Brito 0-0: Fly out, F7 (Flyball, 7LDF, EV 105.0 MPH)
Batting: LHB Eric Jackson 0-0: Called Strike
0-1: SINGLE (Flyball, 7S, EV 90.6 MPH)
Batting: RHB Vince Jackson 0-0: Ball
1-0: Called Strike
Eric Jackson steals 2nd base
1-1: Fly out, F9 (Flyball, 89M, EV 89.4 MPH)
Batting: RHB Rudo Garciaparra 0-0: Swinging Strike
0-1: Ball
1-1: Called Strike
1-2: Strikes out swinging
Top of the 5th over - 0 runs, 1 hit, 0 errors, 1 left on base; Baltimore (WIN) 4 - Chicago (WIN) 2
BOTTOM OF THE 5TH
Chicago (WIN) Cubs batting - Pitching for Baltimore (WIN) Orioles : RHP Sam Wilson
Batting: RHB Heef Harted 0-0: Ball
1-0: Ball
2-0: Ball
3-0: Called Strike
3-1: Foul Ball, location: 2F
3-2: SINGLE (Line Drive, 7S, EV 85.6 MPH)
Batting: RHB Brian Gargis 0-0: Ball
1-0: Swinging Strike
1-1: Ball
2-1: Foul Ball, location: 2F
2-2: Foul Ball, location: 2F
2-2: Strikes out swinging
Batting: RHB Francisco Ramirez 0-0: Foul Ball, location: 2F
0-1: Ball
1-1: Ball
2-1: Called Strike
2-2: Ball
3-2: Base on Balls
Heef Harted to second
Batting: RHB Heitaro Tanaka 0-0: Ball
1-0: Called Strike
1-1: Foul Ball, location: 2F
1-2: Foul Ball, location: 2F
1-2: Foul Ball, location: 2F
1-2: Foul Ball, location: 2F
1-2: Ball
2-2: Reached on error, E1 (Groundball, 15S, EV 66.2 MPH)
Heef Harted to third
Francisco Ramirez to second
Pitching: RHP Ferri Adam
Batting: RHB Ryan Walker 0-0: Ball
1-0: Called Strike
1-1: Ball
2-1: Ball
3-1: Fly out, F9 (Flyball, 9, EV 90.0 MPH)
Batting: RHB Bobby Gray 0-0: Ball
1-0: Called Strike
1-1: Foul Ball, location: 2F
1-2: Ball
2-2: Foul Ball, location: 2F
2-2: SINGLE (Line Drive, 78S, EV 101.9 MPH)
Heef Harted scores
Francisco Ramirez to third
Heitaro Tanaka to second
Batting: RHB Adam Kelliher 0-0: Ball
1-0: Ball
2-0: Ball
3-0: Called Strike
3-1: SINGLE (Groundball, 6M, EV 108.1 MPH) (infield hit)
Francisco Ramirez scores
Heitaro Tanaka to third
Bobby Gray to second
Batting: RHB Dylan Burke 0-0: Fielders Choice at 2nd, 6-4 (Groundball, 6, EV 84.4 MPH)
Bottom of the 5th over - 2 runs, 3 hits, 1 error, 3 left on base; Baltimore (WIN) 4 - Chicago (WIN) 4
TOP OF THE 6TH
Baltimore (WIN) Orioles batting - Pitching for Chicago (WIN) Cubs : RHP Willie Ramos
Batting: LHB Tim Mulholland 0-0: Ball
1-0: Ball
2-0: Ball
3-0: Called Strike
3-1: Base on Balls
Batting: RHB Alex Valencia 0-0: Ball
1-0: Ball
Tim Mulholland steals 2nd base
2-0: Foul Ball, location: 2F
2-1: Swinging Strike
2-2: Strikes out swinging
Batting: RHB Lee Deason 0-0: Called Strike
0-1: Ball
1-1: Called Strike
1-2: Strikes out swinging
Pitching: RHP Adrian Dorsi
Batting: LHB Justin Alworth 0-0: Called Strike
0-1: Ball
1-1: Swinging Strike
1-2: Strikes out swinging
Top of the 6th over - 0 runs, 0 hits, 0 errors, 1 left on base; Baltimore (WIN) 4 - Chicago (WIN) 4
BOTTOM OF THE 6TH
Chicago (WIN) Cubs batting - Pitching for Baltimore (WIN) Orioles : RHP Ferri Adam
Batting: LHB Jose Carrillo 0-0: Called Strike
0-1: SINGLE (Flyball, 34D, EV 93.8 MPH)
Batting: RHB Heef Harted 0-0: Ball
1-0: Called Strike
1-1: Foul Ball, location: 2F
1-2: Ball
2-2: Ball
3-2: Foul Ball, location: 2F
3-2: Strikes out swinging
Batting: RHB Brian Gargis 0-0: Fly out, F3 (Popup, 34, EV 65.0 MPH)
Batting: RHB Francisco Ramirez 0-0: Ball
1-0: Called Strike
1-1: Called Strike
1-2: Ball
2-2: Foul Ball, location: 2F
2-2: Ball
3-2: Foul Ball, location: 2F
3-2: Foul Ball, location: 2F
3-2: SINGLE (Flyball, 6D, EV 81.9 MPH)
Jose Carrillo to second
Jose Carrillo to third
Batting: RHB Heitaro Tanaka 0-0: Foul Ball, location: 2F
0-1: Swinging Strike
0-2: Ball
1-2: Strikes out swinging
Bottom of the 6th over - 0 runs, 2 hits, 0 errors, 2 left on base; Baltimore (WIN) 4 - Chicago (WIN) 4
TOP OF THE 7TH
Baltimore (WIN) Orioles batting - Pitching for Chicago (WIN) Cubs : RHP Adrian Dorsi
Batting: SHB Eric Tiehen 0-0: Swinging Strike
0-1: Ground out U3 (Groundball, 3, EV 82.5 MPH)
Batting: SHB Jorge Brito 0-0: Called Strike
0-1: Ball
1-1: Ball
2-1: Foul Ball, location: 2F
2-2: Ball
3-2: Strikes out swinging
Batting: LHB Eric Jackson 0-0: Ball
1-0: Ball
2-0: Foul Ball, location: 2F
2-1: Foul Ball, location: 2F
2-2: Ball
3-2: Strikes out swinging
Top of the 7th over - 0 runs, 0 hits, 0 errors, 0 left on base; Baltimore (WIN) 4 - Chicago (WIN) 4
BOTTOM OF THE 7TH
Chicago (WIN) Cubs batting - Pitching for Baltimore (WIN) Orioles : RHP Ferri Adam
Pitching: RHP Toshiyuki Funaki
Batting: RHB Ryan Walker 0-0: Called Strike
0-1: Ground out 6-3 (Groundball, 6, EV 91.9 MPH)
Batting: RHB Bobby Gray 0-0: Called Strike
0-1: Fly out, F8 (Flyball, 89S, EV 84.4 MPH)
Batting: RHB Adam Kelliher 0-0: Called Strike
0-1: Foul Ball, location: 2F
0-2: Ball
1-2: Ball
2-2: Strikes out swinging
Bottom of the 7th over - 0 runs, 0 hits, 0 errors, 0 left on base; Baltimore (WIN) 4 - Chicago (WIN) 4
TOP OF THE 8TH
Baltimore (WIN) Orioles batting - Pitching for Chicago (WIN) Cubs : RHP Adrian Dorsi
Pitching: LHP Mike Alexander
Batting: RHB Vince Jackson 0-0: Called Strike
0-1: Fly out, F9 (Line Drive, 9D, EV 90.0 MPH)
Batting: RHB Rudo Garciaparra 0-0: Foul Ball, location: 2F
0-1: Ball
1-1: Foul Ball, location: 2F
1-2: Strikes out swinging
Batting: RHB Jon Zimmerman 0-0: Ball
1-0: Ball
2-0: DOUBLE (Groundball, 5L, EV 105.6 MPH)
Batting: RHB Alex Valencia 0-0: Ground out 5-3 (Groundball, 56, EV 83.1 MPH)
Top of the 8th over - 0 runs, 1 hit, 0 errors, 1 left on base; Baltimore (WIN) 4 - Chicago (WIN) 4
BOTTOM OF THE 8TH
Chicago (WIN) Cubs batting - Pitching for Baltimore (WIN) Orioles : RHP Toshiyuki Funaki
Batting: RHB Dylan Burke 0-0: Called Strike
0-1: Foul Ball, location: 2F
0-2: Ball
1-2: Strikes out swinging
Batting: LHB Jose Carrillo 0-0: Ball
1-0: Called Strike
1-1: Ball
2-1: Called Strike
2-2: Strikes out swinging
Batting: RHB Heef Harted 0-0: Ball
1-0: Ball
2-0: Called Strike
2-1: Swinging Strike
2-2: Strikes out swinging
Bottom of the 8th over - 0 runs, 0 hits, 0 errors, 0 left on base; Baltimore (WIN) 4 - Chicago (WIN) 4
TOP OF THE 9TH
Baltimore (WIN) Orioles batting - Pitching for Chicago (WIN) Cubs : LHP Mike Alexander
Batting: RHB Lee Deason 0-0: Foul Ball, location: 2F
0-1: Ball
1-1: Ball
2-1: Foul Ball, location: 2F
2-2: Foul Ball, location: 2F
2-2: Ball
3-2: Ground out 6-3 (Groundball, 6, EV 78.1 MPH)
Batting: LHB Justin Alworth 0-0: Foul Ball, location: 2F
0-1: Ball
1-1: Ground out 4-3 (Groundball, 4M, EV 106.9 MPH)
Batting: SHB Eric Tiehen 0-0: Ball
1-0: Swinging Strike
1-1: Swinging Strike
1-2: Foul Ball, location: 2F
1-2: Strikes out swinging, 2-3 out at first.
Top of the 9th over - 0 runs, 0 hits, 0 errors, 0 left on base; Baltimore (WIN) 4 - Chicago (WIN) 4
BOTTOM OF THE 9TH
Chicago (WIN) Cubs batting - Pitching for Baltimore (WIN) Orioles : RHP Toshiyuki Funaki
Batting: RHB Brian Gargis 0-0: Ball
1-0: Foul Ball, location: 2F
1-1: Foul Ball, location: 2F
1-2: Foul Ball, location: 2F
1-2: Strikes out swinging
Batting: RHB Francisco Ramirez 0-0: Swinging Strike
0-1: Ball
1-1: Foul Ball, location: 2F
1-2: Strikes out swinging
Batting: RHB Heitaro Tanaka 0-0: Ball
1-0: Foul Ball, location: 2F
1-1: Swinging Strike
1-2: Ball
2-2: Fly out, F8 (Line Drive, 78M, EV 95.6 MPH)
Bottom of the 9th over - 0 runs, 0 hits, 0 errors, 0 left on base; Baltimore (WIN) 4 - Chicago (WIN) 4
TOP OF THE 10TH
Baltimore (WIN) Orioles batting - Pitching for Chicago (WIN) Cubs : LHP Mike Alexander
Batting: SHB Jorge Brito 0-0: Ball
1-0: Fly out, F7 (Line Drive, 78M, EV 93.1 MPH)
Batting: LHB Eric Jackson 0-0: Ball
1-0: Fly out, F8 (Flyball, 78D, EV 106.2 MPH)
Batting: RHB Vince Jackson 0-0: Ball
1-0: Ball
2-0: Called Strike
2-1: SINGLE (Line Drive, 56D, EV 95.6 MPH)
Batting: RHB Rudo Garciaparra 0-0: Fly out, F8 (Flyball, 78M, EV 68.1 MPH)
Top of the 10th over - 0 runs, 1 hit, 0 errors, 1 left on base; Baltimore (WIN) 4 - Chicago (WIN) 4
BOTTOM OF THE 10TH
Chicago (WIN) Cubs batting - Pitching for Baltimore (WIN) Orioles : RHP Toshiyuki Funaki
Pitching: RHP Alfredo Leiva
Batting: RHB Ryan Walker 0-0: Called Strike
0-1: Fly out, F9 (Flyball, 9D, EV 85.0 MPH)
Batting: RHB Bobby Gray 0-0: Called Strike
0-1: Fly out, F9 (Flyball, 9S, EV 88.8 MPH)
Batting: RHB Adam Kelliher 0-0: Ball
1-0: Called Strike
1-1: Ball
2-1: Foul Ball, location: 2F
2-2: Strikes out swinging
Bottom of the 10th over - 0 runs, 0 hits, 0 errors, 0 left on base; Baltimore (WIN) 4 - Chicago (WIN) 4
TOP OF THE 11TH
Baltimore (WIN) Orioles batting - Pitching for Chicago (WIN) Cubs : LHP Mike Alexander
Batting: RHB Jon Zimmerman 0-0: Swinging Strike
0-1: Ball
1-1: Foul Ball, location: 2F
1-2: Fly out, F9 (Flyball, 9S, EV 85.6 MPH)
Batting: RHB Alex Valencia 0-0: Ball
1-0: Ball
2-0: Foul Ball, location: 2F
2-1: Fly out, F7 (Flyball, 7S, EV 83.1 MPH)
Pitching: RHP Josh Deyo
Pinch Hitting: LHB Justin Moore 0-0: Ball
1-0: Called Strike
1-1: Called Strike
1-2: Ball
2-2: Strikes out swinging
Top of the 11th over - 0 runs, 0 hits, 0 errors, 0 left on base; Baltimore (WIN) 4 - Chicago (WIN) 4
BOTTOM OF THE 11TH
Chicago (WIN) Cubs batting - Pitching for Baltimore (WIN) Orioles : RHP Alfredo Leiva
Now at 2B: Vince Jackson
Now at SS: Rudo Garciaparra
Now in RF: Justin Moore
Batting: RHB Dylan Burke 0-0: Fly out, F3 (Popup, 3SF, EV 80.0 MPH)
Batting: LHB Jose Carrillo 0-0: Ball
1-0: Foul Ball, location: 2F
1-1: Ball
2-1: Fly out, F8 (Flyball, 8RD, EV 95.0 MPH)
Batting: RHB Heef Harted 0-0: Ball
1-0: Fly out, F9 (Flyball, 9, EV 85.0 MPH)
Bottom of the 11th over - 0 runs, 0 hits, 0 errors, 0 left on base; Baltimore (WIN) 4 - Chicago (WIN) 4
TOP OF THE 12TH
Baltimore (WIN) Orioles batting - Pitching for Chicago (WIN) Cubs : RHP Josh Deyo
Batting: LHB Justin Alworth 0-0: SINGLE (Groundball, 6D, EV 102.5 MPH)
Batting: SHB Eric Tiehen 0-0: Sac Bunt to 25 - play at first, batter OUT! 5-3
Justin Alworth to second
Batting: SHB Jorge Brito 0-0: Swinging Strike
0-1: Swinging Strike
0-2: Ball
1-2: Foul Ball, location: 2F
1-2: Ball
2-2: Strikes out looking
Batting: LHB Eric Jackson 0-0: Swinging Strike
0-1: Ball
1-1: Ball
2-1: Ground out 6-3 (Groundball, 6, EV 101.2 MPH)
Top of the 12th over - 0 runs, 1 hit, 0 errors, 1 left on base; Baltimore (WIN) 4 - Chicago (WIN) 4
BOTTOM OF THE 12TH
Chicago (WIN) Cubs batting - Pitching for Baltimore (WIN) Orioles : RHP Alfredo Leiva
Batting: RHB Brian Gargis 0-0: Called Strike
0-1: Swinging Strike
0-2: Ball
1-2: Strikes out looking
Batting: RHB Francisco Ramirez 0-0: Foul Ball, location: 2F
0-1: Swinging Strike
0-2: Ball
1-2: Foul Ball, location: 2F
1-2: Ball
2-2: SINGLE (Line Drive, 34, EV 98.1 MPH)
Pitching: LHP Juan Becerra
Batting: RHB Heitaro Tanaka 0-0: Ball
1-0: Called Strike
1-1: Ball
2-1: Foul Ball, location: 2F
2-2: Strikes out looking
Batting: RHB Ryan Walker 0-0: Called Strike
0-1: DOUBLE (Line Drive, 78M, EV 111.2 MPH)
Francisco Ramirez to third
Batting: RHB Bobby Gray 0-0: Intentional Walk
Batting: RHB Adam Kelliher 0-0: Swinging Strike
0-1: Ball
1-1: Ball
2-1: Swinging Strike
2-2: Foul Ball, location: 2F
2-2: Ball
3-2: Strikes out swinging
Bottom of the 12th over - 0 runs, 2 hits, 0 errors, 3 left on base; Baltimore (WIN) 4 - Chicago (WIN) 4
TOP OF THE 13TH
Baltimore (WIN) Orioles batting - Pitching for Chicago (WIN) Cubs : RHP Josh Deyo
Batting: RHB Vince Jackson 0-0: Ball
1-0: Ball
2-0: Swinging Strike
2-1: Swinging Strike
2-2: Ball
3-2: SINGLE (Line Drive, 4D, EV 99.4 MPH)
Batting: RHB Rudo Garciaparra 0-0: Ball
1-0: Called Strike
1-1: Foul Ball, location: 2F
1-2: Ball
2-2: Strikes out looking
Batting: RHB Jon Zimmerman 0-0: Foul Ball, location: 2F
0-1: Hit by Pitch
Vince Jackson to second
Batting: RHB Alex Valencia 0-0: Fielders Choice at 2nd, 4-6 (Groundball, 4, EV 75.6 MPH)
Vince Jackson to third
Batting: LHB Justin Moore 0-0: Ball
1-0: Called Strike
1-1: Swinging Strike
1-2: Strikes out swinging
Top of the 13th over - 0 runs, 1 hit, 0 errors, 2 left on base; Baltimore (WIN) 4 - Chicago (WIN) 4
BOTTOM OF THE 13TH
Chicago (WIN) Cubs batting - Pitching for Baltimore (WIN) Orioles : LHP Juan Becerra
Batting: RHB Dylan Burke 0-0: Ball
1-0: Swinging Strike
1-1: Ball
2-1: Ball
3-1: Foul Ball, location: 2F
3-2: Strikes out looking
Batting: LHB Jose Carrillo 0-0: Ball
1-0: Called Strike
1-1: Ball
2-1: Ball
3-1: Called Strike
3-2: Strikes out looking
Batting: RHB Heef Harted 0-0: Ball
1-0: Swinging Strike
1-1: Foul Ball, location: 2F
1-2: Foul Ball, location: 2F
1-2: Strikes out swinging
Bottom of the 13th over - 0 runs, 0 hits, 0 errors, 0 left on base; Baltimore (WIN) 4 - Chicago (WIN) 4
TOP OF THE 14TH
Baltimore (WIN) Orioles batting - Pitching for Chicago (WIN) Cubs : RHP Josh Deyo
Batting: LHB Justin Alworth 0-0: Ball
1-0: Called Strike
1-1: Foul Ball, location: 2F
1-2: Ball
2-2: Ball
3-2: Foul Ball, location: 2F
3-2: Base on Balls
Pitching: RHP Eric Allen
Batting: SHB Eric Tiehen 0-0: Called Strike
0-1: Sac Bunt to P - play at first, batter OUT! 1-3
Justin Alworth to second
Batting: SHB Jorge Brito 0-0: Called Strike
0-1: Ball
Wild Pitch!
Justin Alworth to third
1-1: Called Strike
1-2: Ball
2-2: Strikes out swinging
Batting: LHB Eric Jackson 0-0: Called Strike
0-1: Swinging Strike
0-2: Strikes out swinging
Top of the 14th over - 0 runs, 0 hits, 0 errors, 1 left on base; Baltimore (WIN) 4 - Chicago (WIN) 4
BOTTOM OF THE 14TH
Chicago (WIN) Cubs batting - Pitching for Baltimore (WIN) Orioles : LHP Juan Becerra
Batting: RHB Brian Gargis 0-0: Foul Ball, location: 2F
0-1: Called Strike
0-2: Ball
1-2: Strikes out looking
Batting: RHB Francisco Ramirez 0-0: Ball
1-0: Foul Ball, location: 2F
1-1: Fly out, F9 (Flyball, 89S, EV 89.4 MPH)
Pitching: RHP Shane Kruger
Batting: RHB Heitaro Tanaka 0-0: Ball
1-0: Foul Ball, location: 2F
1-1: Ball
2-1: Fly out, F8 (Flyball, 8LXD, EV 103.1 MPH)
Bottom of the 14th over - 0 runs, 0 hits, 0 errors, 0 left on base; Baltimore (WIN) 4 - Chicago (WIN) 4
TOP OF THE 15TH
Baltimore (WIN) Orioles batting - Pitching for Chicago (WIN) Cubs : RHP Eric Allen
Batting: RHB Vince Jackson 0-0: Foul Ball, location: 2F
0-1: Swinging Strike
0-2: Ball
1-2: Ball
2-2: Ball
3-2: Base on Balls
Batting: RHB Rudo Garciaparra 0-0: Called Strike
0-1: Swinging Strike
0-2: Strikes out swinging
Batting: RHB Jon Zimmerman 0-0: Ball
Wild Pitch!
Vince Jackson to second
1-0: Called Strike
1-1: Ball
2-1: Called Strike
2-2: SINGLE (Flyball, 56D, EV 91.2 MPH)
Vince Jackson to third
Batting: RHB Alex Valencia 0-0: Fly out, F9 (Flyball, 9S, EV 78.1 MPH)
Batting: LHB Justin Moore 0-0: Called Strike
0-1: Ball
1-1: DOUBLE (Line Drive, 9LM, EV 100.0 MPH)
Vince Jackson scores
Jon Zimmerman to third
Runner from 3rd tries for Home, SAFE, throw by RF to home
Batting: LHB Justin Alworth 0-0: Ball
1-0: Ball
2-0: Ground out 1-3 (Groundball, 34S, EV 73.8 MPH)
Top of the 15th over - 2 runs, 2 hits, 0 errors, 1 left on base; Baltimore (WIN) 6 - Chicago (WIN) 4
BOTTOM OF THE 15TH
Chicago (WIN) Cubs batting - Pitching for Baltimore (WIN) Orioles : RHP Shane Kruger
Now in LF: Alvaro Palacio
Batting: RHB Ryan Walker 0-0: Ball
1-0: Swinging Strike
1-1: Ball
2-1: Foul Ball, location: 2F
2-2: SINGLE (Groundball, 2L, EV 69.4 MPH) (infield hit)
Batting: RHB Bobby Gray 0-0: Swinging Strike
0-1: Ball
1-1: Called Strike
1-2: SINGLE (Groundball, 6MD, EV 95.6 MPH)
Ryan Walker to second
Batting: RHB Adam Kelliher 0-0: Swinging Strike
0-1: Ball
1-1: Ball
2-1: Called Strike
2-2: Strikes out swinging
Batting: RHB Dylan Burke 0-0: Ball
1-0: Ball
2-0: Called Strike
2-1: Fly out, F9 (Flyball, 9, EV 85.0 MPH)
Batting: LHB Jose Carrillo 0-0: Ball
1-0: Swinging Strike
1-1: Ball
2-1: Ground out 1-3 (Groundball, 15S, EV 69.4 MPH)
Bottom of the 15th over - 0 runs, 2 hits, 0 errors, 2 left on base; Baltimore (WIN) 6 - Chicago (WIN) 4
Wednesday, June 22nd , 2022 - OOTP Baseball 23.4 Build 64